 Dungeon Sprint DCSS version 0.19.0 (webtiles) character file.

437 LORDOFBUTT the Unseen (level 6, -1/30 HPs)
             Began as a Spriggan Assassin on Nov 2, 2016.
             Was an Initiate of Dithmenos.
             Slain by Sonja
             ... wielding a +2 dagger of venom
              (8 damage)
             ... in the Dungeon (Sprint I: "Red Sonja").
             The game lasted 00:01:00 (110 turns).

LORDOFBUTT the Unseen (Spriggan Assassin)            Turns: 110, Time: 00:01:01

Health: -1/30      AC:  5    Str:  7    XL:     6   Next: 69%
Magic:  7/7        EV: 17    Int: 12    God:    Dithmenos [......]
Gold:   177        SH:  0    Dex: 20    Spells: 0 memorised, 5 levels left

rFire  . . .     SeeInvis +     b - +0 blowgun
rCold  . . .     Gourm    .     n - +2 robe {MR+}
rNeg   . . .     Faith    .     (shield restricted)
rPois  .         Spirit   .     (helmet restricted)
rElec  .         Reflect  .     d - +0 cloak
rCorr  .         Harm     .     (gloves unavailable)
MR     ++...     NoTele   +     (boots unavailable)
Stlth  ++++++++..               (no amulet)
                                (no ring)
                                (no ring)

@: lethally poisoned (-1 -> -29), very slightly contaminated, slowed, quick
A: unfitting armour, see invisible, herbivore 3, speed 3, slow metabolism 2
a: Renounce Religion


You were in the Dungeon.
You worshipped Dithmenos.
Dithmenos was noncommittal.
You were not hungry.

You visited 1 branch You collected 297 gold pieces.
You spent 120 gold pieces at shops.

Inventory:

Hand Weapons
 a - a +2 dagger
 b - a +0 blowgun (weapon)
Missiles
 e - 8 poisoned needles (quivered)
Armour
 d - a +0 cloak (worn)
 n - a +2 robe of magic resistance (worn)
Potions
 h - 2 potions of curing
 i - 3 potions of heal wounds
 j - a potion of haste
 k - 2 potions of magic
 l - a potion of berserk rage
Comestibles
 g - a bread ration


   Skills:
 - Level 1.5 Fighting
 - Level 2.1 Short Blades
 - Level 2.0 Throwing
 - Level 1.5 Dodging
 + Level 20.4 Stealth


You had 5 spell levels left.
You didn't know any spells.

Dungeon Overview and Level Annotations

Branches:
Dungeon (1/1)

Altars:
Cheibriados
Dithmenos
Elyvilon
Fedhas
Gozag
Hepliaklqana
Kikubaaqudgha
Nemelex Xobeh
Okawaru
Qazlal
Ru
Sif Muna
Trog
Uskayaw
Vehumet
Yredelemnul
Zin
The Shining One

Shops:
D [

Annotations:
D Sonja


Innate Abilities, Weirdness & Mutations

You are very small and have problems with some larger weapons.
You are too small for most types of armour.
You have supernaturally acute eyesight. (SInv)
You are a herbivore.
You cover ground extremely quickly.
You need consume almost no food.


Message History

Aim: Sonja, wielding a dagger of venom You shoot a curare-tipped needle.
The curare-tipped needle misses Sonja.
You feel sick.
Sonja hits you with an uncursed dagger of venom.
You are lethally poisoned!
Sonja hits you but does no damage.
You are more poisoned.
Sonja closely misses you.
Sonja hits you with an uncursed dagger of venom.
You are more poisoned.
Sonja completely misses you. Sonja hits you but does no damage.
Firing (i - inventory. (,) - cycle):
f - a curare-tipped needle (quivered)
Press: ? - help, Shift-Dir - straight line, f/p - Sonja
Aim: Sonja, wielding a dagger of venom You shoot a curare-tipped needle.
The curare-tipped needle barely misses Sonja.
* * * LOW HITPOINT WARNING * * *
You feel very sick.
Sonja hits you with an uncursed dagger of venom!
You die...

################
#<.#.)'..#.)'..#
#..'..#.)'..#..+
#..#####'#####'#
#..####..#...#.#
#..#__####..##.#
#..#_____##'#..+
#⌠⌠#_.∩.[.'.(._#
####_..__##_@#+#
#_____###K#
#########.##
+$.$+ #$.$#
##(## #+#


You could see Sonja.

Vanquished Creatures
  Sigmund (D)
  A yak (D)
  An ogre (D)
  A jelly (D)
  Ijyb (D)
5 creatures vanquished.

Notes
Turn   | Place    | Note
-------+----------+-------------------------------------------
     0 | D        | LORDOFBUTT the Spriggan Assassin began the quest for the Orb.
     0 | D        | Reached XP level 1. HP: 10/10 MP: 2/2
     2 | D        | Noticed Ijyb
     5 | D        | Killed Ijyb
     5 | D        | Reached skill level 10 in Stealth
     5 | D        | Reached XP level 2. HP: 14/14 MP: 3/3
     7 | D        | Noticed an ogre
    10 | D        | Killed an ogre
    10 | D        | Reached skill level 14 in Stealth
    10 | D        | Reached XP level 3. HP: 18/18 MP: 4/4
    10 | D        | Reached XP level 4. HP: 22/22 MP: 5/5
    19 | D        | Noticed Sigmund
    22 | D        | Killed Sigmund
    22 | D        | Reached skill level 18 in Stealth
    22 | D        | Reached XP level 5. HP: 25/25 MP: 6/6
    22 | D        | Reached XP level 6. HP: 30/30 MP: 7/7
    36 | D        | Found a deep blue altar of Sif Muna.
    38 | D        | Found a radiant altar of Vehumet.
    52 | D        | Found Biodid's Antique Armour Emporium.
    52 | D        | Found an ancient bone altar of Kikubaaqudgha.
    52 | D        | Found a hazy altar of Hepliaklqana.
    52 | D        | Found a stormy altar of Qazlal.
    52 | D        | Found a hide-covered altar of Uskayaw.
    52 | D        | Found a blossoming altar of Fedhas.
    52 | D        | Found a bloodstained altar of Trog.
    52 | D        | Found an iron altar of Okawaru.
    52 | D        | Found a basalt altar of Yredelemnul.
    52 | D        | Found a glowing golden altar of the Shining One.
    52 | D        | Found a snail-covered altar of Cheibriados.
    52 | D        | Found a sacrificial altar of Ru.
    52 | D        | Found a glowing silver altar of Zin.
    52 | D        | Found a shadowy altar of Dithmenos.
    52 | D        | Found a white marble altar of Elyvilon.
    52 | D        | Noticed a yak
    53 | D        | Found an opulent altar of Gozag.
    54 | D        | Killed a yak
    54 | D        | Reached skill level 20 in Stealth
    55 | D        | Found a sparkling altar of Nemelex Xobeh.
    62 | D        | Became a worshipper of Dithmenos the Shadowed
    67 | D        | Bought an embroidered robe for 120 gold pieces
   101 | D        | Noticed Sonja
   110 | D        | Slain by Sonja

Skill      XL: |  1  2  3  4  5  6 |
---------------+-------------------+-----
Stealth        | 10 14 18 20 | 20.4
Fighting       | |  1.5
Short Blades   | |  2.1
Throwing       | |  2.0
Dodging        | |  1.5

Action                   |  1- 3 |  4- 6 || total
-------------------------+-------+-------++-------
Melee: Dagger            |     2 |     4 ||     6
 Fire: Blowgun           |       |     2 ||     2
  Use: Scroll            |       |     1 ||     1
       Potion            |       |     1 ||     1
 Stab: Sleeping          |     2 |     3 ||     5
Armor: Robe              |       |     4 ||     4
Dodge: Dodged            |       |     6 ||     6
